Flyers vs Capitals (R2)

Created - April 17, 2017 at 19:33

Goals
1 2 3 OT1 T
Flyers 1 1 0 1 3
Capitals 0 2 0 0 2
Shots
1 2 3 OT1 T
Flyers 7 5 9 2 23
Capitals 8 8 3 0 19

1st period

1. Flyers , Kyle Wellwood 20 (Alexei Morozov 45, Jeff Woywitka 34) at 1:16 (PP)

Penalties :
Joe Thornton (Was) for Fighting (Major) at 0:17, Dany Heatley (Phi) for Fighting (Major) at 0:17, Saku Koivu (Was) for Hooking (Minor) at 1:06, Joe Thornton (Was) for Diving (Minor) at 5:51, Marek Zidlicky (Was) for Holding (Minor) at 11:23, Patrick Marleau (Was) for Kneeing (Minor) at 18:31

2nd period

2. Flyers , Alexei Morozov 32 (Kyle Wellwood 43, Dany Heatley 41) at 0:43
3. Capitals , Ondrej Palat 9 (Erik Karlsson 16, Saku Koivu 11) at 1:40
4. Capitals , Joe Thornton 19 (Chris Phillips 17) at 2:40

Penalties :
Alexei Morozov (Phi) for Roughing (Minor) at 5:08, Chris Kreider (Phi) for Hooking (Minor) at 9:23, Daniel Briere (Was) for Slashing (Minor) at 16:06

3rd period

No Goal

Penalties :
Jamie Langenbrunner (Was) for High sticking (Minor) at 0:49, Erik Karlsson (Was) for High sticking (Minor) at 4:27, Chris Phillips (Was) for Hooking (Minor) at 7:45, Joe Thornton (Was) for Hooking (Minor) at 10:34, Adam Mair (Phi) for Cross-checking (Minor) at 12:59, John-Michael Liles (Phi) for Hooking (Minor) at 17:16

Overtime #1

5. Flyers , Kyle Wellwood 21 (Jeff Woywitka 35) at 0:31

Penalties :
No Penalty

Goalie Stats

Steve Mason (Phi), 17 saves from 19 shots - (0.895), W, 10-14-6, 60:31 minutes
Jake Allen (Was), 20 saves from 23 shots - (0.870), OTL, 0-1-1, 60:31 minutes

Players Stats for Flyers

Player Name              G  A  P  +/- PIM S  H  SB GA TA FO     MP     PP MP  PK MP  
------------------------------------------------------------------------------------
Adam Mair                0  0  0  -1  2   1  3  0  0  1  0/4    12:24   0:00   0:56 
Alexei Morozov           1  1  2   2  2   5  3  0  2  0  0/1    18:17   7:56   0:00 
Brock Nelson             0  0  0  -1  0   1  1  0  0  0  0/0    12:26   0:00   1:19 
Chris Kreider            0  0  0  -1  2   1  1  0  1  0  0/2    19:18   8:16   2:14 
Dany Heatley             0  1  1   1  5   1  4  0  0  0  0/1    20:41   7:46   4:16 
Jakub Voracek            0  0  0  -1  0   0  0  0  1  1  0/0    15:40   8:06   0:00 
Jeff Woywitka            0  2  2   1  0   2  1  1  0  1  0/0    27:38  10:25   4:01 
John-Michael Liles       0  0  0   0  2   0  0  0  0  0  0/0     9:35   0:00   0:00 
Jonathan Ericsson        0  0  0   1  0   1  1  2  0  1  0/0    27:32  10:25   4:01 
Kyle Wellwood            2  1  3   2  0   7  0  1  0  0  9/22   20:50   7:56   2:42 
Mats Zuccarello          0  0  0  -1  0   0  1  1  1  0  0/0    11:07   0:00   0:00 
Matt Smaby               0  0  0  -1  0   0  4  3  0  1  0/0    23:34   5:37   3:55 
Matthew Lombardi         0  0  0  -1  0   1  2  0  1  0  8/20   19:51   8:06   4:15 
Pavel Kubina             0  0  0  -1  0   0  1  1  1  0  0/0    19:46   5:37   0:00 
Rickard Wallin           0  0  0   0  0   0  2  0  0  1  3/4     7:22   0:00   0:03 
Rostislav Olesz          0  0  0   0  0   0  3  0  0  0  0/0     7:30   0:00   0:07 
Stefan Ruzicka           0  0  0   0  0   1  1  0  0  1  0/0     7:19   0:00   0:00 
Steve McCarthy           0  0  0   0  0   2  0  0  0  0  0/0    13:13   0:00   3:55 

Players Stats for Capitals

Player Name              G  A  P  +/- PIM S  H  SB GA TA FO     MP     PP MP  PK MP  
------------------------------------------------------------------------------------
Chris Phillips           0  1  1  -1  2   0  2  0  1  1  0/0    26:13   4:28   8:21 
Daniel Briere            0  0  0  -1  2   1  2  0  0  0  3/6    20:58   3:31   7:37 
Erik Karlsson            0  1  1   1  2   1  0  0  1  0  0/0    12:47   0:00   1:47 
Jamie Langenbrunner      0  0  0   0  2   0  0  0  0  1  0/0    12:44   3:31   0:00 
Jarome Iginla            0  0  0   0  0   1  1  0  0  0  1/2    19:26   4:15   5:00 
Joe Thornton             1  0  1   0  9   5  2  0  0  1  19/28  21:40   4:25   6:31 
Joffrey Lupul            0  0  0   0  0   0  1  0  1  0  0/0    13:12   3:31   0:42 
Marek Zidlicky           0  0  0   0  2   1  2  3  1  2  0/0    21:43   3:28   5:28 
Mark Giordano            0  0  0   1  0   0  3  0  2  0  0/0    11:41   0:00   0:51 
Ondrej Palat             1  0  1   1  0   1  0  0  0  0  0/0    14:05   0:00   2:18 
Patrick Marleau          0  0  0   0  2   0  2  0  0  0  2/3    18:25   4:15   4:15 
Ryan Callahan            0  0  0  -1  0   0  1  1  0  1  2/4    10:14   0:00   4:05 
Ryan Johansen            0  0  0   0  0   0  2  0  0  0  1/1     4:31   0:00   0:00 
Saku Koivu               0  1  1   1  2   4  0  0  0  0  2/5    10:07   0:00   0:00 
Shane Doan               0  0  0   1  0   2  1  0  0  0  0/0    11:04   0:10   0:00 
Tom Preissing            0  0  0   0  0   2  1  4  1  0  0/0    22:39   3:28   6:41 
Tyler Seguin             0  0  0   0  0   1  0  0  0  0  4/5     7:39   0:10   1:36 
Zdeno Chara              0  0  0  -1  0   0  2  1  0  1  0/0    26:44   4:28   8:56 

3 Stars

1 - Kyle Wellwood (Phi)
2 - Alexei Morozov (Phi)
3 - Jeff Woywitka (Phi)

Power Play

Flyers - 1 on 9 Attempt(s) - 11.11%
Capitals - 0 on 4 Attempt(s) - 0.00%

Penalty Kill

Flyers - 4 on 4 Attempt(s) - 100.00% - Score 0 goal in Penalty Kill
Capitals - 8 on 9 Attempt(s) - 88.89% - Score 0 goal in Penalty Kill

Team Stat

Flyers - Hits : 28 - Faceoff Wins : 20 - Blocked Shots : 9 - Penalty Minutes : 13
Capitals - Hits : 22 - Faceoff Wins : 34 - Blocked Shots : 9 - Penalty Minutes : 23

Official

Referees : Morton Dean and Kozari Steve
Linesman : Mark Shewchyk and Brian Mach

Game Notes

Joe Thornton and Dany Heatley fight to a draw at 0:17 of 1st period

Finance

Level 1 -- Attendance: 5539 (92.32%) -- Ticket Income $426,503
Level 2 -- Attendance: 5000 (100.00%) -- Ticket Income $210,000
Level 3 -- Attendance: 1905 (95.25%) -- Ticket Income $51,435
Level 4 -- Attendance: 4000 (100.00%) -- Ticket Income $64,000
Luxury Box -- Attendance: 746 (74.60%) -- Ticket Income $121,598
Game was played at the Verizon Center.
Total Attendance: 17190 (95.50%)
Total Ticket Income: $873,536
Other Income: $131,030
Total Income: $1,004,566

Flyers

5 vs 5 Forward 
   Center                   Left Wing                Right Wing               Time % Phy DF OF 
 1 Kyle Wellwood            Dany Heatley             Alexei Morozov           40     1   1  3  
 2 Matthew Lombardi         Chris Kreider            Jakub Voracek            30     1   1  3  
 3 Adam Mair                Brock Nelson             Mats Zuccarello          20     0   3  2  
 4 Rickard Wallin           Rostislav Olesz          Stefan Ruzicka           10     0   3  2  

5 vs 5 Defense 
   Defense                  Defense                                           Time % Phy DF OF 
 1 Jonathan Ericsson        Jeff Woywitka                                     40     0   3  2  
 2 Matt Smaby               Pavel Kubina                                      40     0   3  2  
 3 John-Michael Liles       Steve McCarthy                                    15     0   5  0  
 4 Jonathan Ericsson        Jeff Woywitka                                     5      0   3  2  

PowerPlay Forward 
   Center                   Left Wing                Right Wing               Time % Phy DF OF 
 1 Kyle Wellwood            Dany Heatley             Alexei Morozov           50     0   0  5  
 2 Matthew Lombardi         Chris Kreider            Jakub Voracek            50     0   0  5  

PowerPlay Defense
   Defense                  Defense                                           Time % Phy DF OF 
 1 Jonathan Ericsson        Jeff Woywitka                                     60     0   2  3  
 2 Matt Smaby               Pavel Kubina                                      40     0   3  2  

Penalty Kill 4 Players Forward 
   Center                   Wing                     Time % Phy DF OF 
 1 Matthew Lombardi         Dany Heatley             60     0   5  0  
 2 Kyle Wellwood            Chris Kreider            40     0   5  0  

Penalty Kill 4 Players Defense
   Defense                  Defense                  Time % Phy DF OF 
 1 Jeff Woywitka            Jonathan Ericsson        60     0   5  0  
 2 Matt Smaby               Steve McCarthy           40     0   5  0  

Penalty Kill - 3 Players Forward 
   Forward                                           Time % Phy DF OF 
 1 Matthew Lombardi                                  60     0   5  0  
 2 Kyle Wellwood                                     40     0   5  0  

Penalty Kill - 3 Players Defense
   Defense                  Defense                  Time % Phy DF OF 
 1 Jonathan Ericsson        Jeff Woywitka            60     0   5  0  
 2 Matt Smaby               Steve McCarthy           40     0   5  0  

4 vs 4 Forward 
   Center                   Wing                     Time % Phy DF OF 
 1 Kyle Wellwood            Alexei Morozov           60     1   1  3  
 2 Matthew Lombardi         Jakub Voracek            40     0   2  3  

4 vs 4 Defense
   Defense                  Defense                  Time % Phy DF OF 
 1 Jeff Woywitka            Jonathan Ericsson        60     0   3  2  
 2 Matt Smaby               Pavel Kubina             40     0   3  2  

Last Minutes Offensive
   Center                   Left Wing                Right Wing               Defense                  Defense                  
   Kyle Wellwood            Dany Heatley             Alexei Morozov           Jeff Woywitka            Jonathan Ericsson        

Last Minutes Defensive
   Center                   Left Wing                Right Wing               Defense                  Defense                  
   Matthew Lombardi         Chris Kreider            Alexei Morozov           Jeff Woywitka            Steve McCarthy           

Goaltenders
Starting : Steve Mason              
Backup : Cory Schneider           

Extra Forwards
Normal : Chris Kreider, Kyle Wellwood, Alexei Morozov - PP : Chris Kreider, Kyle Wellwood - PK : Matthew Lombardi
Extra Defensemen
Normal : Jonathan Ericsson, Jeff Woywitka, Matt Smaby - PP : Jonathan Ericsson - PK : Jeff Woywitka, Steve McCarthy
Penalty Shots
Dany Heatley, Chris Kreider, Kyle Wellwood, Alexei Morozov, Matthew Lombardi

Scratches
Jeff Carter (Sprained Left Knee Injury), Jeff O'Neill (Strained Right Knee Injury), Nathan Paetsch (Healthy)

Capitals

5 vs 5 Forward 
   Center                   Left Wing                Right Wing               Time % Phy DF OF 
 1 Joe Thornton             Patrick Marleau          Jarome Iginla            40     1   2  2  
 2 Daniel Briere            Joffrey Lupul            Jamie Langenbrunner      30     1   2  2  
 3 Saku Koivu               Ondrej Palat             Shane Doan               20     1   2  2  
 4 Ryan Johansen            Joe Thornton             Ryan Callahan            10     1   2  2  

5 vs 5 Defense 
   Defense                  Defense                                           Time % Phy DF OF 
 1 Chris Phillips           Zdeno Chara                                       40     1   2  2  
 2 Marek Zidlicky           Tom Preissing                                     30     1   2  2  
 3 Mark Giordano            Erik Karlsson                                     20     1   2  2  
 4 Chris Phillips           Zdeno Chara                                       10     1   2  2  

PowerPlay Forward 
   Center                   Left Wing                Right Wing               Time % Phy DF OF 
 1 Joe Thornton             Patrick Marleau          Jarome Iginla            60     1   2  2  
 2 Daniel Briere            Joffrey Lupul            Jamie Langenbrunner      40     1   2  2  

PowerPlay Defense
   Defense                  Defense                                           Time % Phy DF OF 
 1 Chris Phillips           Zdeno Chara                                       60     1   2  2  
 2 Marek Zidlicky           Tom Preissing                                     40     1   2  2  

Penalty Kill 4 Players Forward 
   Center                   Wing                     Time % Phy DF OF 
 1 Joe Thornton             Daniel Briere            60     1   2  2  
 2 Jarome Iginla            Patrick Marleau          40     1   2  2  

Penalty Kill 4 Players Defense
   Defense                  Defense                  Time % Phy DF OF 
 1 Chris Phillips           Zdeno Chara              60     1   2  2  
 2 Marek Zidlicky           Tom Preissing            40     1   2  2  

Penalty Kill - 3 Players Forward 
   Forward                                           Time % Phy DF OF 
 1 Joe Thornton                                      60     1   2  2  
 2 Daniel Briere                                     40     1   2  2  

Penalty Kill - 3 Players Defense
   Defense                  Defense                  Time % Phy DF OF 
 1 Chris Phillips           Zdeno Chara              60     1   2  2  
 2 Marek Zidlicky           Tom Preissing            40     1   2  2  

4 vs 4 Forward 
   Center                   Wing                     Time % Phy DF OF 
 1 Joe Thornton             Daniel Briere            60     1   2  2  
 2 Jarome Iginla            Patrick Marleau          40     1   2  2  

4 vs 4 Defense
   Defense                  Defense                  Time % Phy DF OF 
 1 Chris Phillips           Zdeno Chara              60     1   2  2  
 2 Marek Zidlicky           Tom Preissing            40     1   2  2  

Last Minutes Offensive
   Center                   Left Wing                Right Wing               Defense                  Defense                  
   Joe Thornton             Patrick Marleau          Jarome Iginla            Chris Phillips           Zdeno Chara              

Last Minutes Defensive
   Center                   Left Wing                Right Wing               Defense                  Defense                  
   Joe Thornton             Patrick Marleau          Jarome Iginla            Chris Phillips           Zdeno Chara              

Goaltenders
Starting : Jake Allen               
Backup : Jonas Gustavsson         

Extra Forwards
Normal : Tyler Seguin, Shane Doan, Ryan Callahan - PP : Tyler Seguin, Shane Doan - PK : Ryan Callahan
Extra Defensemen
Normal : Mark Giordano, Erik Karlsson, Marek Zidlicky - PP : Mark Giordano - PK : Erik Karlsson, Marek Zidlicky
Penalty Shots
Joe Thornton, Daniel Briere, Jarome Iginla, Patrick Marleau, Jamie Langenbrunner

Scratches
Brian Boyle (Healthy), Chris Kunitz (Healthy), Mike Hoffman (Healthy)

% Time on Ice - Flyers

Lines # - Real PCT - Wanted PCT - Time Play
Normal Forward
1 - 28% - 40% - 10:02
2 - 21% - 30% - 7:34
3 - 31% - 20% - 11:07
4 - 20% - 10% - 7:19
Normal Defense
1 - 35% - 40% - 12:35
2 - 41% - 40% - 14:48
3 - 24% - 15% - 8:39
4 - 0% - 5% - 0:00
PP Forward
1 - 49% - 50% - 7:56
2 - 51% - 50% - 8:06
PP Defense
1 - 65% - 60% - 10:25
2 - 35% - 40% - 5:37
PK Forward
1 - 73% - 60% - 5:47
2 - 27% - 40% - 2:09
PK Defense
1 - 51% - 60% - 4:01
2 - 49% - 40% - 3:55
PK3 Forward
1 - 0% - 60%
2 - 0% - 40%
PK3 Defense
1 - 0% - 60%
2 - 0% - 40%
44 Forward
1 - 100% - 60% - 0:31
2 - 0% - 40% - 0:00
44 Defense
1 - 100% - 60% - 0:31
2 - 0% - 40% - 0:00
Last Minute Offensive  - 0:00
Last Minute Defensive  - 0:00
Total
Forward - 60:31
Defense - 60:31

% Time on Ice - Capitals

Lines # - Real PCT - Wanted PCT - Time Play
Normal Forward
1 - 30% - 40% - 10:38
2 - 30% - 30% - 10:45
3 - 28% - 20% - 10:08
4 - 13% - 10% - 4:31
Normal Defense
1 - 34% - 40% - 12:18
2 - 34% - 30% - 12:23
3 - 30% - 20% - 10:43
4 - 2% - 10% - 0:38
PP Forward
1 - 56% - 60% - 4:25
2 - 44% - 40% - 3:31
PP Defense
1 - 56% - 60% - 4:28
2 - 44% - 40% - 3:28
PK Forward
1 - 69% - 60% - 11:02
2 - 31% - 40% - 5:00
PK Defense
1 - 58% - 60% - 9:17
2 - 42% - 40% - 6:45
PK3 Forward
1 - 0% - 60%
2 - 0% - 40%
PK3 Defense
1 - 0% - 60%
2 - 0% - 40%
44 Forward
1 - 100% - 60% - 0:31
2 - 0% - 40% - 0:00
44 Defense
1 - 100% - 60% - 0:31
2 - 0% - 40% - 0:00
Last Minute Offensive  - 0:00
Last Minute Defensive  - 0:00
Total
Forward - 60:31
Defense - 60:31

Play by Play

1st period


0:01 of 1st period - Kyle Wellwood wins face-off versus Joe Thornton in neutral zone.
0:17 of 1st period - Joe Thornton and Dany Heatley fight to a draw.
0:17 of 1st period - Penalty to Joe Thornton for Fighting.
0:17 of 1st period - Penalty to Dany Heatley for Fighting.
0:18 of 1st period - Matthew Lombardi wins face-off versus Daniel Briere in Capitals zone.
0:27 of 1st period - Snap shot by Chris Kreider.
0:27 of 1st period - Stopped by Jake Allen without a rebound.
0:28 of 1st period - Daniel Briere wins face-off versus Chris Kreider in Capitals zone.
0:28 of 1st period - Daniel Briere is hit by Matt Smaby.
0:44 of 1st period - Wrist shot by Daniel Briere.
0:44 of 1st period - Stopped by Steve Mason without a rebound.
0:45 of 1st period - Saku Koivu wins face-off versus Adam Mair in Flyers zone.
1:06 of 1st period - Minor Penalty to Saku Koivu for Hooking.
1:07 of 1st period - Ryan Callahan wins face-off versus Chris Kreider in Capitals zone.
1:16 of 1st period - Snap shot by Kyle Wellwood.
1:16 of 1st period - Goal by Kyle Wellwood - Flyers : 1 - Capitals : 0.
1:17 of 1st period - Kyle Wellwood wins face-off versus Tyler Seguin in neutral zone.
1:26 of 1st period - Snap shot by Kyle Wellwood.
1:26 of 1st period - Stopped by Jake Allen with a rebound.
1:42 of 1st period - Shane Doan is hit by Rostislav Olesz and loses puck.
2:15 of 1st period - Brock Nelson is hit by Marek Zidlicky and loses puck.
3:23 of 1st period - Snap shot by Adam Mair.
3:23 of 1st period - Shot Misses the Net.
3:29 of 1st period - Snap shot by Adam Mair.
3:29 of 1st period - Stopped by Jake Allen with a rebound.
3:31 of 1st period - Slapshot by Jonathan Ericsson.
3:31 of 1st period - Shot Misses the Net.
3:33 of 1st period - Slapshot by Adam Mair.
3:33 of 1st period - Shot Misses the Net.
3:35 of 1st period - Snap shot by Jeff Woywitka.
3:35 of 1st period - Shot Blocked by Tom Preissing.
3:37 of 1st period - Slapshot by Jonathan Ericsson.
3:37 of 1st period - Shot Misses the Net.
3:43 of 1st period - Snap shot by Mats Zuccarello.
3:43 of 1st period - Deflect By Adam Mair.
3:43 of 1st period - Shot Misses the Net.
3:43 of 1st period - Puck is out of play.
3:44 of 1st period - Tyler Seguin wins face-off versus Kyle Wellwood in Capitals zone.
4:11 of 1st period - Zdeno Chara is hit by Matt Smaby and loses puck.
4:34 of 1st period - Matt Smaby is hit by Mark Giordano and loses puck.
4:49 of 1st period - Slapshot by Ondrej Palat.
4:49 of 1st period - Shot Blocked by Matt Smaby.
4:51 of 1st period - Wrist shot by Shane Doan.
4:51 of 1st period - Deflect By Matt Smaby.
4:51 of 1st period - Stopped by Steve Mason with a rebound.
5:03 of 1st period - Slapshot by Erik Karlsson.
5:03 of 1st period - Stopped by Steve Mason without a rebound.
5:04 of 1st period - Tyler Seguin wins face-off versus Matthew Lombardi in Flyers zone.
5:29 of 1st period - Ryan Johansen is hit by Alexei Morozov and loses puck.
5:40 of 1st period - Snap shot by Kyle Wellwood.
5:40 of 1st period - Stopped by Jake Allen with a rebound.
5:42 of 1st period - Snap shot by Dany Heatley.
5:42 of 1st period - Stopped by Jake Allen without a rebound.
5:43 of 1st period - Matthew Lombardi wins face-off versus Joe Thornton in Capitals zone.
5:51 of 1st period - Minor Penalty to Joe Thornton for Diving.
5:52 of 1st period - Ryan Callahan wins face-off versus Matthew Lombardi in Capitals zone.
7:01 of 1st period - Slapshot by Patrick Marleau.
7:01 of 1st period - Shot Blocked by Matt Smaby.
7:51 of 1st period - Penalty to Joe Thornton is over, Joe Thornton is back on ice.
7:59 of 1st period - Wrist shot by Joe Thornton.
7:59 of 1st period - Shot Misses the Net.
8:09 of 1st period - Mats Zuccarello is hit by Joe Thornton and loses puck.
8:18 of 1st period - Wrist shot by Joe Thornton.
8:18 of 1st period - Stopped by Steve Mason with a rebound.
8:20 of 1st period - Snap shot by Joe Thornton.
8:20 of 1st period - Stopped by Steve Mason with a rebound.
8:22 of 1st period - Wrist shot by Joe Thornton.
8:22 of 1st period - Shot Misses the Net.
8:24 of 1st period - Slapshot by Joe Thornton.
8:24 of 1st period - Stopped by Steve Mason without a rebound.
8:25 of 1st period - Daniel Briere wins face-off versus Rickard Wallin in Flyers zone.
8:26 of 1st period - Wrist shot by Jamie Langenbrunner.
8:26 of 1st period - Shot Misses the Net.
8:56 of 1st period - Off-side.
8:57 of 1st period - Kyle Wellwood wins face-off versus Saku Koivu in neutral zone.
10:02 of 1st period - Zdeno Chara is hit by Matt Smaby and loses puck.
10:54 of 1st period - Icing by Ryan Callahan.
10:55 of 1st period - Kyle Wellwood wins face-off versus Joe Thornton in Capitals zone.
11:00 of 1st period - Zdeno Chara is hit by Dany Heatley.
11:23 of 1st period - Minor Penalty to Marek Zidlicky for Holding.
11:24 of 1st period - Joe Thornton wins face-off versus Matthew Lombardi in Capitals zone.
13:12 of 1st period - Matt Smaby is hit by Ryan Callahan and loses puck.
13:16 of 1st period - Icing by Matt Smaby.
13:17 of 1st period - Matthew Lombardi wins face-off versus Ryan Callahan in Flyers zone.
13:23 of 1st period - Penalty to Marek Zidlicky is over, Marek Zidlicky is back on ice.
13:43 of 1st period - Mats Zuccarello is hit by Marek Zidlicky and loses puck.
14:00 of 1st period - John-Michael Liles is hit by Mark Giordano and loses puck.
14:35 of 1st period - Kyle Wellwood is hit by Chris Phillips and loses puck.
15:00 of 1st period - Jakub Voracek is hit by Joffrey Lupul and loses puck.
16:12 of 1st period - Mats Zuccarello is hit by Daniel Briere and loses puck.
16:19 of 1st period - Wrist shot by Jeff Woywitka.
16:19 of 1st period - Stopped by Jake Allen with a rebound.
16:47 of 1st period - Slapshot by Stefan Ruzicka.
16:47 of 1st period - Shot Misses the Net.
17:00 of 1st period - Matt Smaby is hit by Ryan Johansen and loses puck.
17:11 of 1st period - Snap shot by Ryan Callahan.
17:11 of 1st period - Shot Misses the Net.
17:13 of 1st period - Wrist shot by Tyler Seguin.
17:13 of 1st period - Stopped by Steve Mason without a rebound.
17:14 of 1st period - Kyle Wellwood wins face-off versus Joe Thornton in Flyers zone.
17:23 of 1st period - Wrist shot by Dany Heatley.
17:23 of 1st period - Shot Misses the Net.
18:08 of 1st period - Snap shot by Saku Koivu.
18:08 of 1st period - Stopped by Steve Mason without a rebound.
18:09 of 1st period - Joe Thornton wins face-off versus Kyle Wellwood in Flyers zone.
18:18 of 1st period - Jarome Iginla is hit by Dany Heatley and loses puck.
18:31 of 1st period - Minor Penalty to Patrick Marleau for Kneeing.
18:32 of 1st period - Joe Thornton wins face-off versus Kyle Wellwood in Capitals zone.
Goals for this period are 1 for Flyers vs 0 for Capitals.
Shots for this period are 7 for Flyers vs 8 for Capitals.

2nd period


0:01 of 2nd period - Matthew Lombardi wins face-off versus Joe Thornton in neutral zone.
0:03 of 2nd period - Off-side.
0:04 of 2nd period - Joe Thornton wins face-off versus Matthew Lombardi in neutral zone.
0:31 of 2nd period - Penalty to Patrick Marleau is over, Patrick Marleau is back on ice.
0:33 of 2nd period - Wrist shot by Jarome Iginla.
0:33 of 2nd period - Stopped by Steve Mason with a rebound.
0:43 of 2nd period - Slapshot by Kyle Wellwood.
0:43 of 2nd period - Deflect By Alexei Morozov.
0:43 of 2nd period - Goal by Alexei Morozov - Flyers : 2 - Capitals : 0.
0:44 of 2nd period - Joe Thornton wins face-off versus Kyle Wellwood in neutral zone.
0:51 of 2nd period - Snap shot by Pavel Kubina.
0:51 of 2nd period - Shot Misses the Net.
1:29 of 2nd period - Wrist shot by Shane Doan.
1:29 of 2nd period - Deflect By Ondrej Palat.
1:29 of 2nd period - Shot Blocked by Jeff Woywitka.
1:29 of 2nd period - Puck is out of play.
1:30 of 2nd period - Saku Koivu wins face-off versus Adam Mair in Flyers zone.
1:40 of 2nd period - Snap shot by Erik Karlsson.
1:40 of 2nd period - Deflect By Ondrej Palat.
1:40 of 2nd period - Goal by Ondrej Palat - Flyers : 2 - Capitals : 1.
1:41 of 2nd period - Kyle Wellwood wins face-off versus Joe Thornton in neutral zone.
2:18 of 2nd period - Wrist shot by Kyle Wellwood.
2:18 of 2nd period - Stopped by Jake Allen without a rebound.
2:19 of 2nd period - Joe Thornton wins face-off versus Matthew Lombardi in Capitals zone.
2:28 of 2nd period - Wrist shot by Jarome Iginla.
2:28 of 2nd period - Shot Misses the Net.
2:30 of 2nd period - Slapshot by Marek Zidlicky.
2:30 of 2nd period - Deflect By Patrick Marleau.
2:30 of 2nd period - Shot Misses the Net.
2:30 of 2nd period - Puck is out of play.
2:31 of 2nd period - Joe Thornton wins face-off versus Matthew Lombardi in Flyers zone.
2:40 of 2nd period - Snap shot by Joe Thornton.
2:40 of 2nd period - Goal by Joe Thornton - Flyers : 2 - Capitals : 2.
2:41 of 2nd period - Joe Thornton wins face-off versus Dany Heatley in neutral zone.
2:57 of 2nd period - Slapshot by Pavel Kubina.
2:57 of 2nd period - Shot Misses the Net.
3:07 of 2nd period - Matt Smaby is hit by Zdeno Chara and loses puck.
3:43 of 2nd period - Icing by Marek Zidlicky.
3:44 of 2nd period - Rickard Wallin wins face-off versus Saku Koivu in Capitals zone.
3:47 of 2nd period - Wrist shot by Alexei Morozov.
3:47 of 2nd period - Shot Blocked by Tom Preissing.
3:55 of 2nd period - Shane Doan is hit by Dany Heatley and loses puck.
4:10 of 2nd period - Shane Doan is hit by Adam Mair and loses puck.
4:15 of 2nd period - Slapshot by Mats Zuccarello.
4:15 of 2nd period - Shot Blocked by Tom Preissing.
4:29 of 2nd period - Backhand shot by Saku Koivu.
4:29 of 2nd period - Shot Blocked by Matt Smaby.
4:31 of 2nd period - Snap shot by Tom Preissing.
4:31 of 2nd period - Deflect By Pavel Kubina.
4:31 of 2nd period - Stopped by Steve Mason with a rebound.
4:33 of 2nd period - Snap shot by Saku Koivu.
4:33 of 2nd period - Stopped by Steve Mason with a rebound.
4:35 of 2nd period - Wrist shot by Ondrej Palat.
4:35 of 2nd period - Shot Blocked by Pavel Kubina.
4:37 of 2nd period - Wrist shot by Shane Doan.
4:37 of 2nd period - Shot Misses the Net.
4:55 of 2nd period - Snap shot by Saku Koivu.
4:55 of 2nd period - Shot Blocked by Mats Zuccarello.
4:57 of 2nd period - Wrist shot by Saku Koivu.
4:57 of 2nd period - Stopped by Steve Mason with a rebound.
4:59 of 2nd period - Slapshot by Marek Zidlicky.
4:59 of 2nd period - Shot Misses the Net.
5:01 of 2nd period - Snap shot by Saku Koivu.
5:01 of 2nd period - Shot Misses the Net.
5:03 of 2nd period - Slapshot by Saku Koivu.
5:03 of 2nd period - Stopped by Steve Mason with a rebound.
5:05 of 2nd period - Slapshot by Marek Zidlicky.
5:05 of 2nd period - Deflect By Matt Smaby.
5:05 of 2nd period - Stopped by Steve Mason without a rebound.
5:06 of 2nd period - Kyle Wellwood wins face-off versus Patrick Marleau in Flyers zone.
5:08 of 2nd period - Minor Penalty to Alexei Morozov for Roughing.
5:09 of 2nd period - Matthew Lombardi wins face-off versus Joe Thornton in Flyers zone.
7:07 of 2nd period - Steve McCarthy is hit by Tom Preissing and loses puck.
7:08 of 2nd period - Penalty to Alexei Morozov is over, Alexei Morozov is back on ice.
7:37 of 2nd period - Slapshot by Jeff Woywitka.
7:37 of 2nd period - Shot Blocked by Ryan Callahan.
8:46 of 2nd period - Dany Heatley is hit by Daniel Briere and loses puck.
8:57 of 2nd period - Chris Phillips is hit by Adam Mair and loses puck.
9:14 of 2nd period - Snap shot by Matthew Lombardi.
9:14 of 2nd period - Stopped by Jake Allen without a rebound.
9:15 of 2nd period - Ryan Johansen wins face-off versus Matthew Lombardi in Capitals zone.
9:23 of 2nd period - Minor Penalty to Chris Kreider for Hooking.
9:24 of 2nd period - Matthew Lombardi wins face-off versus Jarome Iginla in Flyers zone.
9:24 of 2nd period - Matthew Lombardi is hit by Patrick Marleau.
9:34 of 2nd period - Snap shot by Jarome Iginla.
9:34 of 2nd period - Shot Blocked by Jonathan Ericsson.
11:23 of 2nd period - Penalty to Chris Kreider is over, Chris Kreider is back on ice.
11:36 of 2nd period - Saku Koivu is hit by Rostislav Olesz and loses puck.
11:56 of 2nd period - Matthew Lombardi is hit by Ryan Johansen and loses puck.
12:43 of 2nd period - Jarome Iginla is hit by Stefan Ruzicka and loses puck.
14:54 of 2nd period - Dany Heatley is hit by Mark Giordano and loses puck.
15:07 of 2nd period - Slapshot by Steve McCarthy.
15:07 of 2nd period - Stopped by Jake Allen without a rebound.
15:08 of 2nd period - Tyler Seguin wins face-off versus Adam Mair in Capitals zone.
15:34 of 2nd period - Mats Zuccarello is hit by Patrick Marleau and loses puck.
15:47 of 2nd period - Wrist shot by Adam Mair.
15:47 of 2nd period - Shot Blocked by Marek Zidlicky.
15:53 of 2nd period - Wrist shot by Mats Zuccarello.
15:53 of 2nd period - Shot Misses the Net.
15:55 of 2nd period - Wrist shot by Adam Mair.
15:55 of 2nd period - Shot Misses the Net.
16:01 of 2nd period - Slapshot by Mats Zuccarello.
16:01 of 2nd period - Shot Misses the Net.
16:03 of 2nd period - Slapshot by Adam Mair.
16:03 of 2nd period - Deflect By Brock Nelson.
16:03 of 2nd period - Shot Misses the Net.
16:03 of 2nd period - Puck is out of play.
16:04 of 2nd period - Daniel Briere wins face-off versus Kyle Wellwood in Capitals zone.
16:06 of 2nd period - Minor Penalty to Daniel Briere for Slashing.
16:07 of 2nd period - Joe Thornton wins face-off versus Kyle Wellwood in Capitals zone.
18:06 of 2nd period - Penalty to Daniel Briere is over, Daniel Briere is back on ice.
18:34 of 2nd period - Snap shot by Stefan Ruzicka.
18:34 of 2nd period - Shot Misses the Net.
18:36 of 2nd period - Slapshot by Jonathan Ericsson.
18:36 of 2nd period - Deflect By Daniel Briere.
18:36 of 2nd period - Stopped by Jake Allen with a rebound.
18:38 of 2nd period - Wrist shot by Stefan Ruzicka.
18:38 of 2nd period - Shot Misses the Net.
18:50 of 2nd period - Steve McCarthy is hit by Joe Thornton and loses puck.
Goals for this period are 1 for Flyers vs 2 for Capitals.
Shots for this period are 5 for Flyers vs 8 for Capitals.

3rd period


0:01 of 3rd period - Joe Thornton wins face-off versus Kyle Wellwood in neutral zone.
0:04 of 3rd period - Jonathan Ericsson is hit by Zdeno Chara and loses puck.
0:11 of 3rd period - Backhand shot by Joe Thornton.
0:11 of 3rd period - Stopped by Steve Mason without a rebound.
0:12 of 3rd period - Patrick Marleau wins face-off versus Alexei Morozov in Flyers zone.
0:15 of 3rd period - Snap shot by Jarome Iginla.
0:15 of 3rd period - Shot Blocked by Jonathan Ericsson.
0:49 of 3rd period - Minor Penalty to Jamie Langenbrunner for High sticking.
0:50 of 3rd period - Joe Thornton wins face-off versus Kyle Wellwood in Capitals zone.
1:26 of 3rd period - Slapshot by Jeff Woywitka.
1:26 of 3rd period - Stopped by Jake Allen without a rebound.
1:27 of 3rd period - Joe Thornton wins face-off versus Matthew Lombardi in Capitals zone.
2:49 of 3rd period - Penalty to Jamie Langenbrunner is over, Jamie Langenbrunner is back on ice.
2:58 of 3rd period - Saku Koivu is hit by Pavel Kubina and loses puck.
3:17 of 3rd period - Snap shot by Stefan Ruzicka.
3:17 of 3rd period - Stopped by Jake Allen without a rebound.
3:18 of 3rd period - Rickard Wallin wins face-off versus Daniel Briere in Capitals zone.
3:21 of 3rd period - Wrist shot by Rostislav Olesz.
3:21 of 3rd period - Shot Misses the Net.
3:29 of 3rd period - Wrist shot by Daniel Briere.
3:29 of 3rd period - Shot Misses the Net.
3:39 of 3rd period - Snap shot by Alexei Morozov.
3:39 of 3rd period - Stopped by Jake Allen without a rebound.
3:40 of 3rd period - Kyle Wellwood wins face-off versus Joe Thornton in Capitals zone.
3:43 of 3rd period - Snap shot by Alexei Morozov.
3:43 of 3rd period - Stopped by Jake Allen with a rebound.
3:45 of 3rd period - Wrist shot by Steve McCarthy.
3:45 of 3rd period - Stopped by Jake Allen without a rebound.
3:46 of 3rd period - Joe Thornton wins face-off versus Kyle Wellwood in Capitals zone.
3:46 of 3rd period - Joe Thornton is hit by Alexei Morozov.
4:27 of 3rd period - Minor Penalty to Erik Karlsson for High sticking.
4:28 of 3rd period - Joe Thornton wins face-off versus Matthew Lombardi in Capitals zone.
4:37 of 3rd period - Snap shot by Matthew Lombardi.
4:37 of 3rd period - Shot Misses the Net.
4:39 of 3rd period - Slapshot by Jeff Woywitka.
4:39 of 3rd period - Deflect By Matthew Lombardi.
4:39 of 3rd period - Shot Misses the Net.
4:39 of 3rd period - Puck is out of play.
4:40 of 3rd period - Joe Thornton wins face-off versus Matthew Lombardi in Capitals zone.
4:45 of 3rd period - Matthew Lombardi is hit by Chris Phillips and loses puck.
6:27 of 3rd period - Penalty to Erik Karlsson is over, Erik Karlsson is back on ice.
6:42 of 3rd period - Slapshot by Jarome Iginla.
6:42 of 3rd period - Shot Misses the Net.
6:44 of 3rd period - Wrist shot by Tom Preissing.
6:44 of 3rd period - Stopped by Steve Mason without a rebound.
6:45 of 3rd period - Rickard Wallin wins face-off versus Saku Koivu in Flyers zone.
6:54 of 3rd period - Erik Karlsson is hit by Rostislav Olesz.
7:00 of 3rd period - Wrist shot by Shane Doan.
7:00 of 3rd period - Stopped by Steve Mason with a rebound.
7:29 of 3rd period - Wrist shot by Kyle Wellwood.
7:29 of 3rd period - Stopped by Jake Allen with a rebound.
7:31 of 3rd period - Wrist shot by Kyle Wellwood.
7:31 of 3rd period - Shot Blocked by Zdeno Chara.
7:33 of 3rd period - Snap shot by Kyle Wellwood.
7:33 of 3rd period - Shot Misses the Net.
7:35 of 3rd period - Slapshot by Kyle Wellwood.
7:35 of 3rd period - Shot Misses the Net.
7:37 of 3rd period - Snap shot by Kyle Wellwood.
7:37 of 3rd period - Shot Misses the Net.
7:39 of 3rd period - Snap shot by Alexei Morozov.
7:39 of 3rd period - Stopped by Jake Allen with a rebound.
7:45 of 3rd period - Minor Penalty to Chris Phillips for Hooking.
7:46 of 3rd period - Joe Thornton wins face-off versus Kyle Wellwood in Capitals zone.
9:45 of 3rd period - Penalty to Chris Phillips is over, Chris Phillips is back on ice.
9:50 of 3rd period - Mark Giordano is hit by Adam Mair and loses puck.
10:34 of 3rd period - Minor Penalty to Joe Thornton for Hooking.
10:35 of 3rd period - Matthew Lombardi wins face-off versus Ryan Callahan in Capitals zone.
11:07 of 3rd period - Off-side.
11:08 of 3rd period - Jarome Iginla wins face-off versus Kyle Wellwood in neutral zone.
11:39 of 3rd period - Snap shot by Jarome Iginla.
11:39 of 3rd period - Shot Blocked by Kyle Wellwood.
12:09 of 3rd period - Chris Phillips is hit by Matthew Lombardi and loses puck.
12:26 of 3rd period - Ondrej Palat is hit by Dany Heatley and loses puck.
12:34 of 3rd period - Penalty to Joe Thornton is over, Joe Thornton is back on ice.
12:59 of 3rd period - Minor Penalty to Adam Mair for Cross-checking.
13:00 of 3rd period - Matthew Lombardi wins face-off versus Joe Thornton in Flyers zone.
13:11 of 3rd period - Snap shot by Dany Heatley.
13:11 of 3rd period - Shot Blocked by Tom Preissing.
13:25 of 3rd period - Joffrey Lupul is hit by Matthew Lombardi and loses puck.
13:42 of 3rd period - Snap shot by Chris Kreider.
13:42 of 3rd period - Shot Blocked by Marek Zidlicky.
14:26 of 3rd period - Chris Kreider is hit by Jarome Iginla and loses puck.
14:41 of 3rd period - Jamie Langenbrunner is hit by Brock Nelson and loses puck.
14:59 of 3rd period - Penalty to Adam Mair is over, Adam Mair is back on ice.
15:06 of 3rd period - Mark Giordano is hit by Rickard Wallin and loses puck.
15:34 of 3rd period - Tyler Seguin is hit by Chris Kreider and loses puck.
16:05 of 3rd period - Tyler Seguin is hit by Rickard Wallin.
16:09 of 3rd period - Ondrej Palat is hit by Matt Smaby and loses puck.
16:51 of 3rd period - Snap shot by Mats Zuccarello.
16:51 of 3rd period - Shot Misses the Net.
16:53 of 3rd period - Snap shot by Brock Nelson.
16:53 of 3rd period - Stopped by Jake Allen without a rebound.
16:54 of 3rd period - Tyler Seguin wins face-off versus Adam Mair in Capitals zone.
16:54 of 3rd period - Tyler Seguin is hit by Mats Zuccarello.
17:16 of 3rd period - Minor Penalty to John-Michael Liles for Hooking.
17:17 of 3rd period - Joe Thornton wins face-off versus Matthew Lombardi in Flyers zone.
18:19 of 3rd period - Wrist shot by Kyle Wellwood.
18:19 of 3rd period - Stopped by Jake Allen without a rebound.
18:20 of 3rd period - Joe Thornton wins face-off versus Kyle Wellwood in Capitals zone.
18:47 of 3rd period - Zdeno Chara is hit by Jonathan Ericsson and loses puck.
19:16 of 3rd period - Penalty to John-Michael Liles is over, John-Michael Liles is back on ice.
19:32 of 3rd period - Snap shot by John-Michael Liles.
19:32 of 3rd period - Deflect By Adam Mair.
19:32 of 3rd period - Shot Blocked by Marek Zidlicky.
19:32 of 3rd period - Puck is out of play.
19:33 of 3rd period - Patrick Marleau wins face-off versus Matthew Lombardi in Capitals zone.
19:46 of 3rd period - Mark Giordano is hit by Jeff Woywitka and loses puck.
19:57 of 3rd period - Jeff Woywitka is hit by Shane Doan and loses puck.
Goals for this period are 0 for Flyers vs 0 for Capitals.
Shots for this period are 9 for Flyers vs 3 for Capitals.

Overtime #1


0:01 of 1st overtime period - Kyle Wellwood wins face-off versus Daniel Briere in neutral zone.
0:12 of 1st overtime period - Wrist shot by Alexei Morozov.
0:12 of 1st overtime period - Shot Misses the Net.
0:14 of 1st overtime period - Slapshot by Jonathan Ericsson.
0:14 of 1st overtime period - Deflect By Alexei Morozov.
0:14 of 1st overtime period - Stopped by Jake Allen without a rebound.
0:15 of 1st overtime period - Joe Thornton wins face-off versus Kyle Wellwood in Capitals zone.
0:26 of 1st overtime period - Joe Thornton is hit by Alexei Morozov and loses puck.
0:31 of 1st overtime period - Slapshot by Kyle Wellwood.
0:31 of 1st overtime period - Goal by Kyle Wellwood - Flyers : 3 - Capitals : 2.
Goals for this period are 1 for Flyers vs 0 for Capitals.
Shots for this period are 2 for Flyers vs 0 for Capitals.